 Dungeon Crawl Stone Soup version 0.16.1-4-g8e1b745 (console) character file.

32 gw the Charlatan (level 3, -5/20 HPs)
             Began as a Deep Elf Artificer on Mar 28, 2015.
             Slain by a gnoll
             ... wielding a +0 flail
              (10 damage)
             ... on level 2 of the Dungeon.
             The game lasted 00:01:17 (947 turns).

gw the Charlatan (Deep Elf Artificer)                Turns: 947, Time: 00:01:17

Health: -5/20      AC:  3    Str:  8    XL:     3   Next: 10%
Magic:  7/7        EV: 13    Int: 16    God:
Gold:   7          SH:  0    Dex: 16    Spells: 0 memorised, 2 levels left

rFire  . . .     SeeInvis .     a - +0 short sword
rCold  . . .     Clarity  .     e - +0 leather armour
rNeg   . . .     SustAb   .     (no shield)
rPois  .         Gourm    .     (no helmet)
rElec  .         Spirit   .     (no cloak)
rCorr  .         Warding  .     (no gloves)
rMut   .         Stasis   .     (no boots)
MR     .....                    (no amulet)
Stlth  ++........               (no ring)
                                (no ring)

@: not resistant to hostile enchantments, unstealthy
A: no striking features
a: no special abilities


You were on level 2 of the Dungeon.
You were not hungry.

You visited 1 branch of the dungeon, and saw 2 of its levels.

You collected 7 gold pieces.

Inventory:

Hand weapons
 a - a +0 short sword (weapon)
Armour
 e - a +0 leather armour (worn)
Magical devices
 b - a wand of flame (10)
 c - a wand of enslavement (13)
 d - a wand of random effects (14)
Scrolls
 h - a scroll of remove curse
 j - a scroll of identify
Comestibles
 f - a bread ration
 g - a meat ration


   Skills:
 + Level 1.2 Fighting
 * Level 2.2 Short Blades
 + Level 3.1 Dodging
 - Level 1.2 Stealth
 - Level 3.2 Evocations


You had 2 spell levels left.
You didn't know any spells.

Dungeon Overview and Level Annotations

Branches:
Dungeon (2/15)

Altars:


Message History

Aim: a gnoll, wielding a flail Really fire through your gnoll?
Okay, then.
Unknown command.
Unknown command.
Unknown command.
Ally in attack direction; making random move Making a random move You swap places.
The gnoll hits you with a flail.
Unknown command.
Unknown command.
Unknown command.
Evoke which item? (* to show all) (? for menu, Esc to quit)
Zapping:
d - a wand of random effects (15)
Press: ? - help, Shift-Dir - straight line, f/p - gnoll
Aim: a gnoll, wielding a flail The gnoll struggles to resist.
This wand has 14 charges left.
The gnoll hits you with a flail!
Ouch! That really hurt!
You die...

.# ### .# #.. .# ##.## .#
....# .# ##.# ##
#.#.##.#...... . #.#.....%#
#. #######.#....###
#####.#######..geg..>.#...#
#.............###.######.....
..####...########.# ....#
###.## #...# ..#g.# #..#
#.### [###g ##.## #.# .# #
#..####.# .
#...###..##..########
#...>................<


You could see a gnoll and a friendly gnoll.

Table legend:
 A = Turns spent in this place as a percentage of turns spent in the entire game.
 B = Non-inter-level travel turns spent in this place as a percentage of non-inter-level travel turns spent in the entire game.
 C = Inter-level travel turns spent in this place as a percentage of turns spent in this place.
 D = Turns resting spent in this place as a percentage of non-inter-level travel turns spent in this place.
 E = Turns spent auto-exploring this place as a percentage of non-inter-level travel turns spent in this place.
 F = Non-inter-level travel turns spent in this place divided by the number of levels of this place that you've seen.
                   A       B       C       D       E      F
               +-------+-------+-------+-------+-------+----------------------
         Total | 100.0 | 100.0 |   0.1 |   1.1 |   2.4 | 887.5
       Dungeon | 100.0 | 100.0 |   0.1 |   1.1 |   2.4 | 887.5
               +-------+-------+-------+-------+-------+----------------------

Table legend:
 A = Kills in this place as a percentage of kills in entire the game.
 B = Kills by you in this place as a percentage of kills by you in the entire game.
 C = Kills by friends in this place as a percentage of kills by friends in the entire game.
 D = Other kills in this place as a percentage of other kills in the entire game.
 E = Experience gained in this place as a percentage of experience gained in the entire game.
 F = Experience gained in this place divided by the number of levels of this place that you have seen.
                   A       B       C       D       E      F
               +-------+-------+-------+-------+-------+----------------------
         Total | 100.0 | 100.0 |  -nan |  -nan | 100.0 |  23.5
       Dungeon | 100.0 | 100.0 |  -nan |  -nan | 100.0 |  23.5
               +-------+-------+-------+-------+-------+----------------------

Vanquished Creatures
  A gnoll (D:1)
  A bat (D:1)
  3 giant cockroaches
  4 goblins
  5 hobgoblins
  2 giant newts (D:1)
  A jackal (D:1)
  A kobold (D:2)
  4 rats
22 creatures vanquished.

Notes
Turn   | Place    | Note
--------------------------------------------------------------
     0 | D:1      | gw, the Deep Elf Artificer, began the quest for the Orb.
     0 | D:1      | Reached XP level 1. HP: 11/11 MP: 2/2
   168 | D:1      | Reached skill level 1 in Fighting
   364 | D:1      | Reached XP level 2. HP: 14/16 MP: 5/5
   668 | D:2      | Reached XP level 3. HP: 18/20 MP: 7/7
   947 | D:2      | Slain by a gnoll

Action                   || total
-------------------------++-------
Melee: Short sword       ||    79
Evoke: Wand              ||     8
  Use: Scroll            ||     3
       Potion            ||     1

Vault maps used:
D:1:      saegor_arrival_miasma, st_stairs_2
D:2:      grunt_temple_overflow_diamond, first_bread, uniq_iyjb, uniq_terence
